 Dungeon Crawl Stone Soup version 0.23.1-41-g7e51ed3 (webtiles) character file.

Game seed: 3927716469247414211

10 juanjsm the Sneak (level 2, 0/13 HPs)
             Began as a Spriggan Enchanter on Mar 29, 2019.
             Slain by a goblin
             ... wielding a +0 club
              (6 damage)
             ... on level 1 of the Dungeon.
             The game lasted 00:03:18 (313 turns).

juanjsm the Sneak (Spriggan Enchanter)               Turns: 313, Time: 00:03:18

Health: 0/13       AC:  2    Str:  4    XL:     2   Next: 10%
Magic:  0/6        EV: 18    Int: 16    God:
Gold:   83         SH:  0    Dex: 16    Spells: 3/6 levels left

rFire    . . .     SeeInvis +   a - +1 dagger
rCold    . . .     Gourm    .   (shield restricted)
rNeg     . . .     Faith    .   b - +0 robe
rPois    .         Spirit   .   (helmet restricted)
rElec    .         Reflect  .   (no cloak)
rCorr    .         Harm     .   (gloves unavailable)
MR       .....                  (boots unavailable)
Stlth    +++.......             (no amulet)
HPRegen  0.04/turn              (no ring)
MPRegen  0.10/turn              (no ring)

@: very quick
A: very small, unfitting armour, see invisible, herbivore, speed 3, slow
metabolism 2
a: no special abilities


You were on level 1 of the Dungeon.
You were not hungry.

You visited 1 branch of the dungeon, and saw 1 of its levels.

You collected 83 gold pieces.

Inventory:

Hand Weapons
 a - a +1 dagger (weapon)
Armour
 b - a +0 robe (worn)
Scrolls
 e - 4 scrolls of remove curse {unknown}
 f - 3 scrolls of identify {unknown}
Potions
 c - a potion of invisibility {unknown}
Comestibles
 d - 3 rations


   Skills:
 + Level 1.3 Short Blades
 + Level 3.2 Dodging
 + Level 4.6 Stealth
 + Level 2.9 Spellcasting
 + Level 3.8 Hexes


You had 3 spell levels left.
You knew the following spells:

 Your Spells              Type           Power        Failure   Level  Hunger
a - Corona                Hex            ##.....      3%          1    #......
b - Ensorcelled Hibernat  Hex/Ice        #.....       13%         2    ##.....

Your spell library contained the following spells:

 Spells                   Type           Power        Failure   Level  Hunger
 Confuse                  Hex            ##......     12%         3    ###....
 Tukima's Dance           Hex            ##......     12%         3    ###....
 Dazzling Spray           Conj/Hex       #.....       26%         3    ###....


Dungeon Overview and Level Annotations

Branches:
Dungeon (1/15)

Altars:


Innate Abilities, Weirdness & Mutations

You are very small and have problems with some larger weapons.
You are too small for most types of armour.
You have supernaturally acute eyesight. (SInv)
You are a herbivore.
You cover ground extremely quickly.
You need to consume almost no food.


Message History

The helpless bat fails to defend itself.
You impale the bat!!
You kill the bat!
A goblin comes into view. It is wielding a +0 club.
You are too injured to fight recklessly!
The goblin shouts!
Casting: Ensorcelled Hibernation (safe; 13% risk of failure)
Confirm with . or Enter, or press ? or * to list all spells.
Aiming: Ensorcelled Hibernation (safe; 13% risk of failure)
Press: ? - help, Shift-Dir - straight line, f - goblin
Aim: a goblin, wielding a +0 club (chance to defeat MR: 57%)
The goblin resists with significant effort.
The goblin closely misses you.
You hit the goblin.
The goblin is severely wounded.
The goblin hits you but does no damage.
You hit the goblin but do no damage.
The goblin is severely wounded.
The goblin hits you with a +0 club.
You die...

. ...##....##.^.....
..######...+..............
......... #..#.###.(.....
#####....####..#.#
#.....#.
.................#
#.....#.
###.....###########.....##
#......##$..........######
+.........................
#....##.#@################
#....##.#g# #....##.#.#
#....##.#.# ##
.....###...# ###### #.
.###### ##### #....#####.
. #..).##.... #....##....
#..........


You could see a goblin.

Vanquished Creatures
  2 bats (D:1)
  A giant cockroach (D:1)
  A goblin (D:1)
  A kobold (D:1)
  3 frilled lizards (D:1)
  3 rats (D:1)
11 creatures vanquished.

Notes
Turn   | Place    | Note
-------+----------+-------------------------------------------
     0 | D:1      | juanjsm the Spriggan Enchanter began the quest for the Orb.
     0 | D:1      | Reached XP level 1. HP: 9/9 MP: 5/5
   254 | D:1      | Reached XP level 2. HP: 4/13 MP: 3/6
   264 | D:1      | Learned a level 2 spell: Ensorcelled Hibernation
   313 | D:1      | Slain by a goblin

Action                   || total
-------------------------++-------
Melee: Dagger            ||    23
 Cast: Corona            ||    10
       Ensorcelled Hiber ||     3
 Stab: Sleeping          ||     4
Armor: Robe              ||     3
Dodge: Dodged            ||    14
